 Dungeon Crawl Stone Soup version 0.29-a0-322-g68df515428 (webtiles) character file.

Game seed: 13157228544199182964

10530 zishaf the Slicer (level 11, -4/62 HPs)
             Began as a Vine Stalker Brigand on Apr 6, 2022.
             Was a Believer of Uskayaw.
             Slain by an ice dragon (8 damage)
             ... on level 11 of the Dungeon.
             The game lasted 00:23:04 (10449 turns).

zishaf the Slicer (Vine Stalker Brigand)           Turns: 10449, Time: 00:23:05

Health: -4/62      AC: 15    Str: 17    XL:     11   Next: 63%
Magic:  0/18       EV: 15    Int: 11    God:    Uskayaw [**....]
Gold:   834        SH:  0    Dex: 17    Spells: 12/14 levels left

rFire   . . .      SeeInvis .   a - +2 dagger (elec)
rCold   . . .      Faith    .   (no shield)
rNeg    . . .      Spirit   +   N - +2 leather armour {rPois}
rPois   +          Reflect  .   B - +0 helmet
rElec   .          Harm     .   c - +0 cloak
rCorr   .          Rampage  .   P - +0 pair of gloves
Will    +....                   E - +2 pair of boots
Stlth   +++.......              (no amulet)
HPRegen 1.00/turn               F - +4 ring of evasion
MPRegen 0.16/turn               m - +4 ring of protection

@: no status effects
A: fangs 3, regeneration 1, magic shield, antimagic bite, no potion heal 2,
hooves 1
a: Renounce Religion, Stomp, Line Pass


You were on level 11 of the Dungeon.
You worshipped Uskayaw.
Uskayaw was aware of your devotion.
You visited 2 branches of the dungeon, and saw 12 of its levels.
You also visited: Ossuary.

You collected 834 gold pieces.

Inventory:

Hand Weapons
 a - a +2 dagger of electrocution (weapon)
 b - a +4 hunting sling of freezing
 H - a +3 dagger
Missiles
 d - 80 poisoned darts (quivered)
 e - 5 curare-tipped darts
 G - 4 throwing nets
Armour
 c - a +0 cloak (worn)
 z - a +2 leather armour of willpower
 B - a +0 helmet (worn)
 E - a +2 pair of boots (worn)
 N - a +2 leather armour of poison resistance (worn)
 P - a +0 pair of gloves (worn)
Jewellery
 f - a +6 ring of strength
 m - a +4 ring of protection (right hand)
 r - a +6 ring of dexterity
 F - a +4 ring of evasion (left hand)
Wands
 n - a wand of iceblast (10)
 o - a wand of flame (20)
 C - a wand of polymorph (4)
Scrolls
 h - a scroll of amnesia
 i - 3 scrolls of enchant weapon
 q - 5 scrolls of teleportation
 s - a scroll of blinking
 t - 4 scrolls of magic mapping
 y - a scroll of vulnerability
 D - a scroll of fear
 I - a scroll of brand weapon
 J - 2 scrolls of fog {unknown}
 L - 3 scrolls of enchant armour
Potions
 g - 3 potions of mutation
 j - 2 potions of invisibility
 k - 2 potions of might
 l - 3 potions of lignification
 u - 2 potions of flight
 v - a potion of ambrosia
 x - 2 potions of curing
 A - 3 potions of brilliance
 K - 2 potions of haste
 M - 2 potions of magic
 O - a potion of cancellation


   Skills:
 - Level 9.0 Fighting
 - Level 10.0 Short Blades
 - Level 1.7 Throwing
 - Level 2.0 Armour
 - Level 1.0 Dodging
 - Level 7.0 Stealth
 - Level 2.0 Spellcasting
 - Level 5.0 Transmutations
 + Level 8.3 Invocations


You had 12 spell levels left.
You knew the following spells:

 Your Spells              Type           Power      Damage    Failure   Level
a - Wereblood             Tmut           12%        N/A       7%          2

Your spell library contained the following spells:

 Spells                   Type           Power      Damage    Failure   Level
 Freeze                   Ice            4%         1d3       34%         1
 Magic Dart               Conj           4%         1d3       34%         1
 Call Imp                 Summ           1%         N/A       45%         2
 Sublimation of Blood     Necr           1%         N/A       45%         2
 Ignite Poison            Fire/Tmut/Pois 4%         N/A       47%         3
 Confusing Touch          Hex            1%         N/A       71%         3
 Frozen Ramparts          Ice            2%         1d2       71%         3
 Gell's Gravitas          Tloc           1%         N/A       71%         3
 Lesser Beckoning         Tloc           1%         N/A       71%         3
 Mephitic Cloud           Conj/Pois/Air  1%         N/A       71%         3
 Teleport Other           Tloc           1%         N/A       71%         3
 Petrify                  Tmut/Erth      6%         N/A       77%         4
 Hailstorm                Conj/Ice       1%         3d3       98%         4
 Summon Lightning Spire   Summ/Air       1%         N/A       98%         4
 Irradiate                Conj/Tmut      3%         3d14      98%         5
 Yara's Violent Unravell  Hex/Tmut       3%         3d4       98%         5
 Freezing Cloud           Conj/Ice/Air   0%         6-21      100%        5
 Enfeeble                 Hex            0%         N/A       100%        7
 Storm Form               Tmut/Air       3%         N/A       100%        7
 Summon Hydra             Summ           0%         N/A       100%        7
 Maxwell's Capacitive Co  Air            0%         ∞         100%        8


Dungeon Overview and Level Annotations

Branches:
Dungeon (11/15)            Temple (1/1) D:5            Lair (0/6) D:10
    Orc (0/2) D:10        Ossuary (visited)

Altars:
Ashenzari
Cheibriados
Dithmenos
Elyvilon
Fedhas
Gozag
Hepliaklqana
Kikubaaqudgha
Makhleb
Nemelex Xobeh
Okawaru
Qazlal
Ru
Sif Muna
Trog
Uskayaw
Vehumet
Wu Jian
Xom
Yredelemnul
Zin
The Shining One
Lugonu

Shops:
D:3 ?   D:5 (   D:6 (   D:7 !

Portals:
Abyss: D:10


Innate Abilities, Weirdness & Mutations

You have razor-sharp teeth.
Your natural rate of healing is unusually fast.
When hurt, damage is shared between your health and your magic reserves.
Your bite disrupts and absorbs the magic of your enemies.
Potions cannot restore your health.
You have large cloven feet.


Message History

You hit the ice dragon but do no damage.
The ice dragon is moderately wounded.
The ice dragon barely misses you. The ice dragon completely misses you.
The ice dragon closely misses you.
You hit the ice dragon but do no damage.
You bite the ice dragon, but do no damage.
The ice dragon is moderately wounded.
You hit the ice dragon but do no damage.
Lightning courses through the ice dragon!
The ice dragon is heavily wounded.
The ice dragon bites you but does no damage.
The ice dragon claws you.
The ice dragon tramples you but does no damage.
You barely miss the ice dragon. Your bite misses the ice dragon.
The ice dragon is heavily wounded.
You closely miss the ice dragon.
The ice dragon is heavily wounded.
The ice dragon bites you. The ice dragon misses you. x2
You hit the ice dragon but do no damage.
Lightning courses through the ice dragon!!
The ice dragon is severely wounded.
You hit the ice dragon. You bite the ice dragon! You drain its power.
You feel invigorated.
The ice dragon is severely wounded.
The ice dragon breathes frost at you. The blast of cold hits you!!
* * * LOW HITPOINT WARNING * * *
Unknown command.
You hit the ice dragon but do no damage.
You bite the ice dragon, but do no damage.
The ice dragon is severely wounded.
You hit the ice dragon but do no damage.
You bite the ice dragon. You drain its power.
You feel invigorated.
The ice dragon is severely wounded.
The ice dragon bites you.
* * * LOW HITPOINT WARNING * * *
The ice dragon claws you.
* * * LOW HITPOINT WARNING * * *
The ice dragon tramples you!
You die...

... ... #.# ... #.#
#$# #.# ## #####
#D# #. ...#####@#
#. #.......#
#.#####..####.#####
#.#...............#
#.#.###..####!###.#
#.<............#
###.#######.....#
#.# ##...## #.#
##.##


You could see an ice dragon (catching breath).

Vanquished Creatures
  Josephine (D:10)
  Pikel (D:9)
  Joseph (D:9)
  A gargoyle (D:8)
  Psyche (D:9)
  A kobold demonologist (D:10)
  Maggie (D:10)
  4 trolls
  4 yaks (D:10)
  Sigmund (D:3)
  3 wyverns (D:10)
  Eustachio (D:5)
  A steam dragon (D:8)
  7 wraiths
  A basilisk (D:10)
  An orc warrior (D:10)
  5 water moccasins
  A sky beast (D:7)
  An ice beast (D:5)
  2 black bears
  2 ogres
  3 centaurs
  A lemure (D:9)
  5 kobold brigands
  7 bullfrogs
  A gnoll sergeant (D:5)
  3 scorpions
  15 wights
  7 killer bees
  A howler monkey (D:6)
  3 hounds
  3 orc priests
  2 jellies
  5 iguanas
  Ijyb (D:3)
  Natasha (thrice) (D:3)
  11 orc wizards
  3 mummies (Ossuary)
  6 gnolls (D:5)
  3 adders (D:5)
  2 shadow imps (D:7)
  2 ufetubi (D:5)
  4 worms
  2 dart slugs
  44 orcs
  4 ball pythons
  8 bats
  5 endoplasms
  2 giant cockroaches
  2 gnoll zombies (Ossuary)
  10 goblins
  4 hobgoblins
  21 kobolds
  6 quokkas
  4 frilled lizards (D:1)
  A goblin zombie (Ossuary)
  4 hobgoblin zombies (Ossuary)
  4 kobold zombies (Ossuary)
  4 rats
  2 lurking horrors (D:10)
259 creatures vanquished.

Vanquished Creatures (others)
  5 fungi (D:10)
  A lurking horror (D:10)
  30 plants (D:10)
36 creatures vanquished.

Grand Total: 295 creatures vanquished

Notes
Turn   | Place    | Note
-------+----------+-------------------------------------------
     0 | D:1      | zishaf the Vine Stalker Brigand began the quest for the
                  | Orb.
     0 | D:1      | Reached XP level 1. HP: 11/11 MP: 2/2
    72 | D:1      | Reached skill level 1 in Dodging
   146 | D:1      | Reached skill level 2 in Short Blades
   146 | D:1      | Reached skill level 5 in Stealth
   146 | D:1      | Reached XP level 2. HP: 15/15 MP: 3/3
   827 | D:2      | Reached XP level 3. HP: 15/18 MP: 4/4
  2018 | D:3      | Noticed Ijyb
  2030 | D:3      | Killed Ijyb
  2031 | D:3      | Gained mutation: Your natural rate of healing is unusually
                  | fast. [Vine Stalker growth]
  2031 | D:3      | Reached XP level 4. HP: 4/23 MP: 1/5
  2090 | D:3      | Found a faded altar of an unknown god.
  2141 | D:3      | Found Qiassyhi's Magic Scroll Shoppe.
  2195 | D:3      | Noticed Sigmund
  2209 | D:3      | Killed Sigmund
  2210 | D:3      | Reached skill level 3 in Short Blades
  2210 | D:3      | Reached XP level 5. HP: 25/29 MP: 4/6
  2210 | D:3      | Reached XP level 6. HP: 29/33 MP: 4/7
  2321 | D:3      | Noticed Natasha
  2328 | D:3      | Killed Natasha
  2386 | D:3      | Noticed Natasha
  2394 | D:3      | Killed Natasha
  2406 | D:3      | Noticed Natasha
  2410 | D:3      | Killed Natasha
  2411 | D:3      | Reached skill level 4 in Short Blades
  2471 | D:3      | Found a shimmering blue altar of Sif Muna.
  3484 | D:5      | Entered Level 5 of the Dungeon
  3487 | D:5      | Noticed Eustachio
  3512 | D:5      | Killed Eustachio
  3513 | D:5      | Reached XP level 7. HP: 38/38 MP: 6/8
  3575 | D:5      | Noticed a wraith
  3720 | D:4      | Killed a wraith
  3721 | D:4      | Reached skill level 5 in Fighting
  3721 | D:4      | Reached skill level 5 in Short Blades
  3859 | D:5      | Gained mutation: You have razor-sharp teeth. [Vine Stalker
                  | growth]
  3859 | D:5      | Reached XP level 8. HP: 44/44 MP: 9/9
  3915 | D:5      | Reached skill level 6 in Short Blades
  4021 | D:5      | Found Ibehoe's Weapon Shoppe.
  4446 | D:5      | Found a staircase to the Ecumenical Temple.
  4567 | Temple   | Entered the Ecumenical Temple
  4584 | Temple   | Became a worshipper of Uskayaw the Reveller
  4822 | D:6      | Noticed a troll
  4828 | D:6      | Reached * piety under Uskayaw
  4830 | D:6      | Reached ** piety under Uskayaw
  4835 | D:6      | Killed a troll
  4835 | D:6      | Reached *** piety under Uskayaw
  4836 | D:6      | Reached skill level 1 in Invocations
  4910 | D:6      | Reached skill level 1 in Armour
  4910 | D:6      | Reached XP level 9. HP: 49/49 MP: 10/10
  4932 | D:6      | Reached **** piety under Uskayaw
  4937 | D:6      | Reached skill level 7 in Short Blades
  4945 | D:6      | Reached ***** piety under Uskayaw
  5009 | D:6      | Found Bunutu Midu's Weapon Emporium.
  5421 | D:6      | Noticed a troll
  5436 | D:6      | Killed a troll
  5588 | D:7      | Found Udghem's Distillery.
  6016 | D:7      | Reached ****** piety under Uskayaw
  6118 | D:7      | Reached XP level 10. HP: 56/56 MP: 14/14
  6129 | D:7      | Reached skill level 8 in Short Blades
  6214 | D:7      | Found an ornate altar of the Wu Jian Council.
  6466 | D:8      | Found a sand-covered staircase.
  6472 | Ossuary  | Entered an ossuary
  6816 | Ossuary  | Gained mutation: You have large cloven feet. [potion of
                  | mutation]
  6914 | D:8      | Noticed a gargoyle
  6939 | D:8      | Killed a gargoyle
  6940 | D:8      | Reached skill level 5 in Invocations
  7228 | D:8      | Found a glowing golden altar of the Shining One.
  7684 | D:9      | Found a snail-covered altar of Cheibriados.
  7873 | D:9      | Noticed Pikel
  7904 | D:9      | Killed Pikel
  7938 | D:9      | Noticed Joseph
  7955 | D:9      | Killed Joseph
  8153 | D:9      | Noticed Psyche
  8156 | D:9      | Killed Psyche
  8164 | D:9      | Learned a level 2 spell: Wereblood
  8238 | D:9      | Found a glowing silver altar of Zin.
  8258 | D:9      | Reached skill level 9 in Short Blades
  8410 | D:9      | Reached skill level 1 in Spellcasting
  8416 | D:9      | Reached skill level 1 in Transmutations
  8601 | D:10     | Entered Level 10 of the Dungeon
  8698 | D:10     | Found an opulent altar of Gozag.
  8917 | D:10     | Noticed a kobold demonologist
  8919 | D:10     | Noticed Josephine
  8935 | D:10     | Noticed a rust devil
  8941 | D:10     | Reached XP level 11. HP: 62/62 MP: 13/17
  8954 | D:10     | Killed Josephine
  9125 | D:10     | Noticed Maggie
  9190 | D:10     | Killed Maggie
  9217 | D:10     | Found a staircase to the Lair.
  9335 | D:10     | Reached skill level 10 in Short Blades
  9483 | D:10     | Found a one-way gate to the infinite horrors of the Abyss.
  9485 | D:10     | Found a corrupted altar of Lugonu.
 10068 | D:10     | Reached skill level 5 in Transmutations
 10173 | D:10     | Found a staircase to the Orcish Mines.
 10427 | D:11     | Noticed an ice dragon
 10449 | D:11     | Slain by an ice dragon

Illustrated notes

Levels and vault maps discovered:
D:1:      heliophobic_arrival_enchanted_forest, layout_rooms, patterned_corridor
D:2:      layout_loops_ring
D:3:      layout_basic, mainiacjoe_overflow_alcove_4, serial_shops,
          nicolae_shop_behind_doors, ebering_ecumenical_altar_sacrificial,
          uniq_sigmund, uniq_ijyb, uniq_natasha
D:4:      layout_gridville, minmay_misc_feat_room, grunt_decor_mini_mirrors
D:5:      cheibrodos_fzero, layout_basic, minmay_temple_entry_enclosed_plants,
          serial_shops, nicolae_shop_bloodbath_and_beyond,
          minmay_misc_feat_columns, kennysheep_generic_room_7, uniq_eustachio
D:6:      kennysheep_spiral_hall, layout_basic, serial_shops,
          nicolae_shop_advertising_works [nicolae_subvault_shop_adworks]
D:7:      layout_rooms, nicolae_overflow_crystal_walls, serial_shops,
          shop_fountains
D:8:      layout_basic, general_overflow_altar,
          lightli_ossuary_entry_decrepit_ruins
D:9:      layout_basic, grunt_temple_overflow_open, uniq_psyche, uniq_pikel,
          uniq_joseph
D:10:     layout_layer_cave, grunt_gozag_statues, minmay_lair_entry_grove,
          hiddenorc1_lemuel, amcnicky_altar_lugonu_corruption, uniq_maggie,
          uniq_josephine
D:11:     layout_loops_corners, centaur_isle
Temple:   lightli_temple_of_artemis

Skill      XL: |  1  2  3  4  5  6  7  8  9 10 11 |
---------------+----------------------------------+-----
Dodging        | 1 |  1.0
Short Blades   | 2 3 4 5 6 7 9 10 | 10.0
Stealth        | 5 6 7 |  7.0
Fighting       | 2 3 4 5 6 8 9 |  9.0
Invocations    | 1 4 6 8 |  8.3
Armour         | 1 2 |  2.0
Spellcasting   | 2 |  2.0
Transmutations | 2 5 |  5.0
Throwing       | |  1.7

Action                   |  1- 3 |  4- 6 |  7- 9 | 10-12 || total
-------------------------+-------+-------+-------+-------++-------
Melee: Dagger            |   113 |   107 |   367 |   460 ||  1047
       Bite              |    34 |    39 |   125 |   175 ||   373
       Punch             |     2 |     1 |     5 |     5 ||    13
Invok: Stomp             |       |       |     1 |       ||     1
Evoke: Wand              |       |       |     4 |       ||     4
  Use: Scroll            |       |    13 |     9 |     5 ||    27
       Potion            |       |       |     2 |     2 ||     4
 Stab: Sleeping          |    14 |     5 |     3 |     8 ||    30
       Distracted        |       |       |     3 |     1 ||     4
       Paralysed         |       |       |     9 |    22 ||    31
Armor: Robe              |    24 |       |       |       ||    24
       Ring mail         |       |    15 |       |       ||    15
       Leather armour    |       |       |   102 |   100 ||   202
Dodge: Dodged            |    42 |    48 |   169 |   173 ||   432

Table legend: (Time is in decaauts)
 A = Elapsed time spent in this place.
 B = Non-inter-level travel time spent in this place.
 C = Inter-level travel time spent in this place.
 D = Time resting spent in this place.
 E = Time spent auto-exploring this place.
 F = Levels seen in this place.
 G = Mean time per level.
                   A        B        C        D        E       F      G
               +--------+--------+--------+--------+--------+-----+--------+
         Total |  10149 |   9639 |    510 |    324 |   7030 |  13 |  780.7 |
       Dungeon |   9778 |   9269 |    509 |    324 |   6779 |  11 |  888.9 |
        Temple |     34 |     34 |      0 |      0 |      0 |   1 |   34.0 |
       Ossuary |    336 |    336 |      0 |      0 |    251 |   1 |  336.0 |
               +--------+--------+--------+--------+--------+-----+--------+

Top non-repeatable levels by time:
    D:10: 1706 daAuts
     D:2: 1239 daAuts
     D:5: 1093 daAuts
     D:8: 963 daAuts
     D:4: 876 daAuts
     D:6: 829 daAuts
     D:9: 822 daAuts
     D:1: 765 daAuts
     D:3: 745 daAuts
     D:7: 709 daAuts
 Ossuary: 336 daAuts
  Temple: 34 daAuts
    D:11: 26 daAuts
